 Dungeon Crawl Stone Soup version bcrawl-1.19.2-6-g6a88ae04c9 (webtiles) character file.

Game seed: 9613232903643198776

2414 Mrkan the Cleaver (level 9, -2/177 HPs)
             Began as a Minotaur Fighter on Jan 14, 2020.
             Was an Initiate of Ashenzari.
             Slain by an eight-headed hydra (4 damage)
             ... on level 6 of the Dungeon.
             The game lasted 00:10:39 (6161 turns).

Mrkan the Cleaver (Minotaur Fighter)                Turns: 6161, Time: 00:10:40

Health: -2/177     AC: 24    Str: 28    XL:     9   Next: 23%
Magic:  8/8        EV:  2    Int:  7    God:    Ashenzari [......]
Gold:   197        SH: 12    Dex: 18    Spells: 8/8 levels left

rFire    . . .     SeeInvis +   x - +2 war axe (chop)
rCold    + . .     Gourm    .   c - +0 shield (curse)
rNeg     + + +     Faith    .   (armour currently unavailable)
rPois    +         Spirit   .   (helmet currently unavailable)
rElec    .         Reflect  .   (cloak currently unavailable)
rCorr    .         Harm     .   (gloves currently unavailable)
MR       .....     NoTele   +   (boots currently unavailable)
Stlth    ..........             (no amulet)
HPRegen  0.00/turn              m - ring of protection from cold
MPRegen  0.11/turn              (no ring)

@: agile, berserking, tree-form, hasted, very quick
A: (retaliatory headbutt), see invisible, clever 1, inhibited regeneration,
strong 1
a: Curse Item, Renounce Religion


You were on level 6 of the Dungeon.
You worshipped Ashenzari.
Ashenzari was noncommittal.
You were hungry.
You were a tree.
You visited 1 branch of the dungeon, and saw 7 of its levels.

You collected 646 gold pieces.
You spent 449 gold pieces at shops.

Inventory:

Hand Weapons
 x - a +2 war axe of chopping (weapon)
Armour
 c - a cursed +0 shield (worn)
 n - a cursed +0 pair of boots (melded)
 B - the cursed +3 chain mail of Sin (melded) {rPois Regen+ Stlth+}
   (You bought it in a shop on level 6 of the Dungeon)

   It protects you from poison.
   It increases your rate of regeneration.
   It makes you more stealthy.
   It has a curse placed upon it.
Jewellery
 a - an uncursed ring of poison resistance
 m - a ring of protection from cold (left branch)
Wands
 p - a wand of paralysis (6)
 v - a wand of enslavement (8)
 y - a wand of iceblast (4)
 A - a wand of flame (14)
Scrolls
 h - 10 scrolls of identify
 j - 5 scrolls of remove curse
 k - a scroll of enchant weapon
 l - 4 scrolls of teleportation
 o - 2 scrolls of blinking
 r - a scroll of magic mapping
Potions
 b - a potion of curing
 d - a potion of might
 e - a potion of brilliance {unknown}
 g - a potion of lignification
 i - 2 potions of agility
 q - a potion of resistance {unknown}
 s - a potion of magic {unknown}
 t - a potion of haste
 u - a potion of degeneration {unknown}
 w - a potion of mutation
Comestibles
 f - 16 rations {!d}


   Skills:
 + Level 7.5 Fighting
 * Level 9.7 Axes
 + Level 7.6 Armour
 + Level 7.6 Shields


You had 8 spell levels left.
You didn't know any spells.
Your spell library contained the following spells:

 Spells                   Type           Power        Failure   Level  Hunger
 Corona                   Hex            #......      77%         1    ##.....
 Magic Dart               Conj           #...         77%         1    ##.....
 Searing Ray              Conj           #.......     88%         2    ###....
 Shackle                  Hex            #.......     88%         2    ###....
 False Image              Hex/Summ       #.......     98%         3    ####...
 Inner Flame              Hex/Fire       N/A          98%         3    ####...
 Iskenderun's Mystic Bla  Conj           #.......     98%         3    ####...
 Cause Fear               Hex            #.........   100%        4    #####..
 Fulminant Prism          Conj/Hex       #.........   100%        4    #####..
 Yara's Violent Unravell  Hex/Tmut       #.........   100%        4    #####..
 Irradiate                Conj/Tmut      #.........   100%        5    ######.


Dungeon Overview and Level Annotations

Branches:
Dungeon (7/12)             Temple (0/1) D:6
   Lair: D:7-9

Altars:
Ashenzari
Cheibriados
Elyvilon
Trog
Xom

Shops:
D:5 %   D:6 :?[}*

Annotations:
D:7 2 transporters


Innate Abilities, Weirdness & Mutations

((You reflexively headbutt those who attack you in melee.))
((You have a pair of horns on your head.))
You have supernaturally acute eyesight. (SInv)
Your mind is acute. (Int +2)
You do not regenerate when monsters are visible.
Your muscles are strong. (Str +2)


Message History

* * * LOW HITPOINT WARNING * * *
It was a potion of mutation.
You feel extremely strange.
Your regeneration stops near monsters.
You feel stronger.
You feel clever.
Your vision sharpens.
It was a potion of lignification.
You turn into a tree.
Your cursed +0 pair of boots melds into your body.
The cursed +3 chain mail of Sin {rPois Regen+ Stlth+} melds into your body.
Your roots penetrate the ground.
The eight-headed hydra bites you but does no damage. x3
You block the eight-headed hydra's attack.
The eight-headed hydra bites you but does no damage. x4
It was a potion of berserk rage.
A red film seems to cover your vision as you go berserk!
You feel yourself moving faster!
You feel mighty!
You block the eight-headed hydra's attack. x2
The eight-headed hydra bites you but does no damage.
You block the eight-headed hydra's attack.
The eight-headed hydra bites you but does no damage.
The eight-headed hydra bites you.
You die...

...........#.#..........⌠...#
......###..#.#..........#####
......###.##########.#..#
......#...#.'∩# ##...## ######
..........#.### #....## #.....
......#.#....# #####...####.###'
.....[.)##...## #...#.#.).)..#..)
.....)...###..###...#.....[..#.#)
###...##..##..>.♣...######...#.._
#...#####.....###D..# #...#.#.
#.### #####........# #...#...
..######......###...# #...###'
.........###..# #...# #.......
..###...## #..###...# #......#
..#####÷# #........# ########
......#.#####.##.#### #.###.....#
#.....###


You could see an eight-headed hydra.

Vanquished Creatures
  A steam dragon (D:6)
  A sky beast (D:2)
  2 ice beasts
  An orc warrior (D:7)
  An eye of draining (D:7)
  A phantom (D:7)
  3 ogres
  3 centaurs
  2 scorpions
  9 wights
  2 howler monkeys
  2 crimson imps (D:5)
  3 orc priests
  A centaur zombie (D:7)
  2 hounds
  2 orc wizards
  A bullfrog skeleton (D:5)
  A centaur skeleton (D:6)
  3 iguanas
  Jessica (D:3)
  3 worker ants
  Terence (D:3)
  A killer bee zombie (D:7)
  A hound skeleton (D:7)
  3 adders
  A shadow imp (D:6)
  An adder skeleton (D:7)
  A worm (D:2)
  3 dart slugs
  3 leopard geckos
  19 orcs
  4 bats
  A giant cockroach (D:4)
  14 goblins
  7 hobgoblins
  3 jackals (D:4)
  2 quokkas
  A ball python (D:1)
  3 frilled lizards
  9 kobolds
  2 rats
125 creatures vanquished.

Notes
Turn   | Place    | Note
-------+----------+-------------------------------------------
     0 | D:1      | Mrkan the Minotaur Fighter began the quest for the Orb.
     0 | D:1      | Reached XP level 1. HP: 19/19 MP: 0/0
   331 | D:1      | Reached XP level 2. HP: 27/27 MP: 1/1
   580 | D:1      | Reached skill level 3 in Axes
   797 | D:2      | Noticed a sky beast
   802 | D:2      | Found a snail-covered altar of Cheibriados.
   815 | D:2      | Killed a sky beast
   815 | D:2      | Reached skill level 4 in Axes
   815 | D:2      | Reached XP level 3. HP: 3/34 MP: 2/2
   815 | D:2      | Reached XP level 4. HP: 3/41 MP: 3/3
  1323 | D:2      | Reached XP level 5. HP: 40/47 MP: 4/4
  1342 | D:2      | Found a sacrificial altar of Ru.
  1345 | D:2      | Found a sacrificial altar of Ru.
  1345 | D:2      | Found a shadowy altar of Dithmenos.
  1347 | D:2      | Found a hide-covered altar of Uskayaw.
  1347 | D:2      | Found a shimmering altar of Xom.
  1347 | D:2      | Found a glowing golden altar of the Shining One.
  1775 | D:3      | Noticed Terence
  1796 | D:3      | Killed Terence
  1959 | D:3      | Noticed Jessica
  1965 | D:3      | Killed Jessica
  2092 | D:4      | Reached skill level 5 in Axes
  2246 | D:4      | Reached XP level 6. HP: 55/55 MP: 5/5
  2252 | D:4      | Reached skill level 5 in Fighting
  2252 | D:4      | Reached skill level 5 in Armour
  2252 | D:4      | Reached skill level 5 in Shields
  2938 | D:4      | Reached skill level 6 in Axes
  3220 | D:4      | Reached XP level 7. HP: 61/61 MP: 6/6
  3372 | D:5      | Entered Level 5 of the Dungeon
  3372 | D:5      | Found a shattered altar of Ashenzari.
  3974 | D:5      | Became a worshipper of Ashenzari the Shackled
  4070 | D:5      | Reached skill level 7 in Axes
  4072 | D:5      | Found Ejuony's Food Boutique.
  4498 | D:6      | Reached XP level 8. HP: 68/70 MP: 7/7
  4544 | D:6      | Found a staircase to the Ecumenical Temple.
  4605 | D:6      | Found Xejuqi's Gadget Shop.
  4778 | D:6      | Found Dosaumm's Book Shop.
  4781 | D:6      | Found a bloodstained altar of Trog.
  4813 | D:6      | Found Para's Magic Scroll Shop.
  4848 | D:6      | Reached skill level 8 in Axes
  4953 | D:6      | Found Icwuret's Armour Emporium.
  5041 | D:6      | Found a white marble altar of Elyvilon.
  5084 | D:6      | Found Pelor's Assorted Antiques.
  5230 | D:6      | Bought the +3 chain mail of Sin {rPois Regen+ Stlth+} for
                  | 449 gold pieces
  5369 | D:7      | Found a transporter.
  5399 | D:7      | Reached skill level 9 in Axes
  5494 | D:7      | Reached XP level 9. HP: 56/79 MP: 8/8
  5650 | D:7      | Found a transporter.
  6099 | D:7      | Noticed an eight-headed hydra
  6157 | D:6      | HP: 2/79 [eight-headed hydra (2)]
  6159 | D:6      | Gained mutation: You do not regenerate when monsters are
                  | visible. [potion of mutation]
  6159 | D:6      | Gained mutation: Your muscles are strong. (Str +2) [potion
                  | of mutation]
  6159 | D:6      | Gained mutation: Your mind is acute. (Int +2) [potion of
                  | mutation]
  6159 | D:6      | Gained mutation: You have supernaturally acute eyesight.
                  | (SInv) [potion of mutation]
  6161 | D:6      | Slain by an eight-headed hydra

Skill      XL: |  1  2  3  4  5  6  7  8 |
---------------+-------------------------+-----
Axes           | 4 5 6 7 9 |  9.7
Fighting       | 4 5 6 7 |  7.5
Armour         | 4 5 6 7 |  7.6
Shields        | 4 5 6 7 |  7.6

Action                   |  1- 3 |  4- 6 |  7- 9 || total
-------------------------+-------+-------+-------++-------
Melee: War axe           |    56 |   112 |   191 ||   359
       Headbutt          |     6 |    18 |    41 ||    65
Invok: Curse Item        |       |       |     2 ||     2
Evoke: Wand              |       |       |     6 ||     6
  Use: Scroll            |       |       |     6 ||     6
       Potion            |       |       |     8 ||     8
  Eat: Chunk             |       |     7 |     9 ||    16
Armor: Scale mail        |    34 |     6 |       ||    40
       Chain mail        |       |    39 |   121 ||   160
       Skin              |       |       |     9 ||     9
Dodge: Dodged            |    15 |    27 |    67 ||   109
Block: Shield            |    34 |    58 |   147 ||   239
